 Dungeon Crawl Stone Soup version 0.29-a0-284-gf9362112df (webtiles) character file.

Game seed: 11659930278065223327

245 sammy202020 the Skirmisher (level 6, 0/40 HPs)
             Began as a Gargoyle Berserker on Mar 21, 2022.
             Was a Believer of Trog.
             Splashed by a jelly's acid (4 damage)
             ... on level 4 of the Dungeon.
             The game lasted 00:03:33 (3060 turns).

sammy202020 the Skirmisher (Gargoyle Berserker)     Turns: 3060, Time: 00:03:33

Health: 0/40       AC: -5    Str: 21    XL:     6   Next: 10%
Magic:  6/6        EV: 11    Int:  9    God:    Trog [**....]
Gold:   104        SH:  0    Dex:  9    Spells: 5/5 levels left

rFire   + . .      SeeInvis .   l - +1 flail
rCold   . . .      Faith    .   (no shield)
rNeg    + . .      Spirit   .   j - +1 leather armour {rF+}
rPois   ∞          Reflect  .   p - +0 helmet
rElec   +          Harm     .   (no cloak)
rCorr   .          Rampage  .   (no gloves)
Will    .....                   (no boots)
Stlth   +.........              (no amulet)
HPRegen 0.13/turn               (no ring)
MPRegen 0.10/turn               (no ring)

@: corroded
A: sickness immunity, AC +4, negative energy resistance 1, electricity
resistance, torment resistance 1, petrification resistance
a: Renounce Religion, Berserk, Trog's Hand


You were on level 4 of the Dungeon.
You worshipped Trog.
Trog was pleased with you.
You visited 1 branch of the dungeon, and saw 4 of its levels.

You collected 104 gold pieces.

Inventory:

Hand Weapons
 a - a +0 mace
 l - a +1 flail (weapon)
Armour
 h - a +0 scale mail
 j - a +1 leather armour of fire resistance (worn)
 p - a +0 helmet (worn)
Scrolls
 b - a scroll of identify {unknown}
 f - a scroll of blinking {unknown}
 i - a scroll of enchant weapon
 o - 2 scrolls of vulnerability
Potions
 c - a potion of flight {unknown}
 d - a potion of mutation {unknown}
 e - a potion of degeneration {unknown}
 g - a potion of attraction {unknown}
 k - a potion of heal wounds {unknown}
 m - a potion of experience {unknown}
 n - 4 potions of haste {unknown}


   Skills:
 * Level 4.8 Fighting
 * Level 4.2 Maces & Flails
 * Level 4.0 Armour
 + Level 2.4 Dodging


You had 5 spell levels left.
You didn't know any spells.
Your spell library was empty.

Dungeon Overview and Level Annotations

Branches:
Dungeon (4/15)
 Temple: D:4-7

Altars:


Innate Abilities, Weirdness & Mutations

You are immune to sickness and miasma.
Your stone body is resilient. (AC +4)
You are immune to poison.
You resist negative energy. (rN+)
You are resistant to electric shocks. (rElec)
You are resistant to unholy torment.
You are immune to petrification.


Message History

You finish putting on your +1 leather armour of fire resistance.
You feel resistant to fire.
Found a stone staircase leading down.
A jelly comes into view.
A jelly is nearby!
Found a club.
The jelly quivers.
You hit the jelly. The acid corrodes you!
Your hands burn!
The jelly is moderately wounded.
The jelly hits you but does no damage.
You hit the jelly.
Your hands burn!
The jelly is heavily wounded.
The jelly barely misses you.
You sock the jelly! The acid corrodes you!
Your hands burn!
The jelly is almost dead.
The jelly hits you. The acid corrodes you!
You are splashed with acid!
The jelly closely misses you.
You barely miss the jelly.
The jelly is almost dead.
The jelly hits you.
You are splashed with acid!
You are too injured to fight recklessly!
You are too injured to fight recklessly!
You are too injured to fight recklessly!
You are too injured to fight recklessly!
You are too injured to fight recklessly!
You are too injured to fight recklessly!
You are too injured to fight recklessly!
You are too injured to fight recklessly!
You are too injured to fight recklessly!
You are too injured to fight recklessly!
You are too injured to fight recklessly!
You are too injured to fight recklessly!
Unknown command.
You hit the jelly but do no damage.
Your hands burn!
The jelly is almost dead.
The jelly jiggles.
The jelly hits you. The acid corrodes you!
You are splashed with acid!
* * * LOW HITPOINT WARNING * * *
You hit the jelly but do no damage.
Your hands burn!
You die...

##..#.......
##..###......
##..##
##.....
##..## ##....
##..## ##...
. ##..## ##..
... ##..##
###
.....##..##
#...>.@..#
###...J..#
##......#
#........#
#....)....#
#...........#
#...........#
............#


You could see a jelly.

Vanquished Creatures
  2 hounds
  Natasha (twice) (D:4)
  4 gnolls (D:2)
  5 adders
  A worm (D:3)
  A dart slug (D:4)
  An orc (D:3)
  4 bats
  2 endoplasms
  5 giant cockroaches
  A goblin (D:1)
  7 hobgoblins
  7 jackals
  3 kobolds
  A quokka (D:3)
  4 ball pythons
  A frilled lizard (D:2)
  2 rats
53 creatures vanquished.

Vanquished Creatures (others)
  2 plants (D:4)
2 creatures vanquished.

Grand Total: 55 creatures vanquished

Notes
Turn   | Place    | Note
-------+----------+-------------------------------------------
     0 | D:1      | sammy202020 the Gargoyle Berserker began the quest for the
                  | Orb.
     0 | D:1      | Reached XP level 1. HP: 14/14 MP: 1/1
   294 | D:1      | Reached XP level 2. HP: 18/19 MP: 2/2
   657 | D:2      | Reached XP level 3. HP: 19/24 MP: 3/3
  1304 | D:2      | Reached XP level 4. HP: 23/29 MP: 4/4
  1316 | D:2      | Reached ** piety under Trog
  1929 | D:3      | Reached XP level 5. HP: 20/33 MP: 5/5
  2766 | D:4      | Noticed Natasha
  2778 | D:4      | Killed Natasha
  2812 | D:4      | Noticed Natasha
  2828 | D:4      | Killed Natasha
  2829 | D:4      | Reached XP level 6. HP: 13/40 MP: 6/6
  3060 | D:4      | Splashed by a jelly's acid

Illustrated notes

Levels and vault maps discovered:
D:1:      psy_arrival_heroes, layout_loops_ring, minivault_19
D:2:      layout_basic, serial_corexii_hall, corexii_hall_statues_deadend,
          corexii_hall_statues_deadend, kennysheep_generic_room_4
D:3:      layout_basic
D:4:      layout_cave_pods, serial_shops, nicolae_shop_advertising_works
          [nicolae_subvault_shop_adworks], serial_forest,
          infiniplex_forest_lined_3, infiniplex_forest_straight_3,
          infiniplex_forest_join, infiniplex_forest_clump_curved,
          infiniplex_forest_end_2, infiniplex_forest_clump_double, uniq_natasha

Skill      XL: |  1  2  3  4  5 |
---------------+----------------+-----
Armour         | 3 4 |  4.0
Fighting       | 4 |  4.8
Dodging        | 2 |  2.4
Maces & Flails | 4 |  4.2

Action                   |  1- 3 |  4- 6 || total
-------------------------+-------+-------++-------
Melee: Mace              |    98 |    17 ||   115
       Punch             |     1 |     1 ||     2
       Flail             |       |   105 ||   105
Invok: Berserk           |     1 |     1 ||     2
  Use: Scroll            |       |     6 ||     6
 Stab: Sleeping          |     1 |       ||     1
Armor: Animal skin       |    11 |       ||    11
       Scale mail        |    47 |    59 ||   106
       Leather armour    |       |     1 ||     1
Dodge: Dodged            |    81 |    61 ||   142

Table legend: (Time is in decaauts)
 A = Elapsed time spent in this place.
 B = Non-inter-level travel time spent in this place.
 C = Inter-level travel time spent in this place.
 D = Time resting spent in this place.
 E = Time spent auto-exploring this place.
 F = Levels seen in this place.
 G = Mean time per level.
                   A        B        C        D        E       F      G
               +--------+--------+--------+--------+--------+-----+--------+
         Total |   3118 |   2984 |    134 |      0 |   2384 |   4 |  779.5 |
       Dungeon |   3118 |   2984 |    134 |      0 |   2384 |   4 |  779.5 |
               +--------+--------+--------+--------+--------+-----+--------+

Top non-repeatable levels by time:
     D:2: 1282 daAuts
     D:3: 717 daAuts
     D:1: 664 daAuts
     D:4: 455 daAuts
